AoeStats
← Malik Bhai

Arabian Desert

509131459Analyzed
1v1 RM · 6d ago on Sep 25, 2026· 23m 22s· 2 players
Game mode
Random Map
Map size
Tiny (2 player)
Population
200
Speed
Normal
Resources
Standard
Victory
Conquest
Starting age
Dark Age
Ending age
Imperial Age
RankedLock teamsTeams togetherTeam positionsShared explorationLock speedFull tech treeHidden civsTurbo modeCheats
Victory
Defeat
🇵🇰 Japanese · Pakistan
1606
+13
🇮🇳 Wei · India
1533
-13
Emperor
6:39 Loom
9:34 Feudal Age
10:12 Double-Bit Axe
20:19 Fletching
24:16 Castle Age
23:23 Scale Barding Armor
Malik Bhai
6:58 Loom
9:08 Feudal Age
9:55 Double-Bit Axe
9:47 Man-at-Arms
14:53 Arson
18:30 Fletching
22:49 Castle Age
21:33 Padded Archer Armor
21:18 Horse Collar
21:59 Double-Bit Axe
22:56 Long Swordsman
Connection lost

Rejoining the realm…

Still unreachable

The connection could not be restored.

Session expired

The server has moved on; the page needs a fresh start.